 Dungeon Crawl Stone Soup version 0.31.0-32-g396128a36d (webtiles) character file.

Game seed: 6184938088973760991

2198 Binah the Trooper (level 9, -3/64 HPs)
             Began as an Octopode Fighter on Mar 10, 2024.
             Was a Priest of Vehumet.
             Slain by Duvessa
             ... wielding a +3 rapier of flaming
              (13 damage)
             ... on level 6 of the Dungeon.
             The game lasted 00:07:49 (6418 turns).

Binah the Trooper (Octopode Fighter)                Turns: 6418, Time: 00:07:50

Health: -3/64      AC:  1    Str: 15    XL:     9   Next: 34%
Magic:  12/12      EV: 13    Int: 20    God:    Vehumet [***...]
Gold:   312        SH:  5    Dex: 12    Spells: 4/12 levels left

rFire   . . .        i - +5 short sword (elec)
rCold   . . .        b - +0 buckler
rNeg    + . .        (helmet restricted)
rPois   .            h - amulet of the acrobat
rElec   .            I - +6 ring of intelligence
rCorr   .            N - ring of positive energy
SInv    .            (no ring)
Will    .....        (no ring)
Stlth   ++           (no ring)
HPRegen 0.30/turn    (no ring)
MPRegen 0.13/turn    (no ring)
                     (no ring)

%: acrobat
@: no status effects
A: almost no armour, amphibious, 8 rings, camouflage 1, gelatinous body 1,
(nimble swimmer 1), tentacles
a: Renounce Religion


You were on level 6 of the Dungeon.
You worshipped Vehumet.
Vehumet was most pleased with you.
You visited 1 branch of the dungeon, and saw 6 of its levels.
You also visited: Ossuary.

You collected 312 gold pieces.


Innate Abilities, Weirdness & Mutations

You cannot wear most types of armour.
You are amphibious.
You can wear up to eight rings at the same time.
Your skin changes colour to match your surroundings (Stealth+).
Your rubbery body absorbs attacks. (AC +1, EV +1)
((You are camouflaged when in or above water. (Stealth+)))
You have tentacles for arms and can constrict up to eight enemies at once.


   Skills:
 - Level 7.0 Fighting
 - Level 4.0 Short Blades
 - Level 2.0 Polearms
 - Level 3.0 Dodging
 - Level 5.0 Shields
 - Level 2.0 Spellcasting
 - Level 3.0 Conjurations
 - Level 7.0 Ice Magic
 + Level 2.2 Alchemy


You had 4 spell levels left.
You knew the following spells:

 Your Spells              Type           Power      Damage    Failure   Level
h - Hailstorm             Conj/Ice       22%        3d7       2%          3
i - Irradiate             Conj/Alch      6%         3d13      41%         5

Your spell library contained the following spells:

 Spells                   Type           Power      Damage    Failure   Level
 Volatile Blastmotes      Fire/Tloc      4%         2d10      16%         3
 Summon Ice Beast         Ice/Summ       16%        N/A       14%         3
 Inner Flame              Hex/Fire       2%         N/A       16%         3
 Anguish                  Hex/Necr       1%         N/A       89%         4
 Cause Fear               Hex            1%         N/A       89%         4
 Sculpt Simulacrum        Ice/Alch       10%        N/A       99%         6
 Enfeeble                 Hex            1%         N/A       100%        7
 Ignition                 Fire           1%         3d3       100%        8

Inventory:

Hand Weapons
 a - a +0 trident
 i - a +5 short sword of electrocution (weapon)
Armour
 b - a +0 buckler (worn)
Jewellery
 h - an amulet of the acrobat (around mantle)
 I - a +6 ring of intelligence (left tentacle)
 N - a ring of positive energy (right tentacle)
Wands
 k - a wand of flame (21)
 n - a wand of paralysis (7)
Scrolls
 d - 3 scrolls of amnesia
 g - a scroll of torment {unknown}
 j - a scroll of fog {unknown}
 l - a scroll of fear {unknown}
 m - a scroll of enchant armour {unknown}
 o - a scroll of poison {unknown}
 q - a scroll of revelation {unknown}
 v - a scroll of noise {unknown}
 w - 2 scrolls of identify {unknown}
Potions
 c - 3 potions of might
 e - 2 potions of enlightenment {unknown}
 f - 3 potions of curing {unknown}
 p - a potion of mutation {unknown}
 r - a potion of haste {@q3}
 s - 4 potions of degeneration {unknown}
 t - a potion of lignification {unknown}
 u - 2 potions of heal wounds {@q2}

Dungeon Overview and Level Annotations

Branches:
Dungeon (6/15)            Ossuary (visited)
 Temple: D:4-7

Altars:
Dithmenos
Okawaru
Vehumet

Shops:
D:1 ?   D:2 ([

Annotations:
D:6 Dowan, Duvessa

..# ..# #. #?. #.#####
#=. ....... #.# ..#####
?e# #......... #h#
#.######## #e# #.# #
#.####@###.# #.# #
#..........# #.# #
.....##.#######.########
##.. #.###............#
## #...........####.#
#####.###.#.# #.# #.#
#.#.####.# #.#
#.#....... #.#
#........#


You could see Duvessa, a black bear and Dowan.


Message History

Dowan says, "There's a certain beauty in death, don't you think?"
Dowan gestures wildly while chanting.
Dowan blinks!
Unknown command.
You hit Duvessa. Lightning courses through Duvessa!
Duvessa is severely wounded.
You constrict Duvessa. The jelly hits you but does no damage.
Duvessa closely misses you.
You puncture the jelly!
Your tentacles burn!
* * * LOW HITPOINT WARNING * * *
The jelly is heavily wounded.
You constrict Duvessa. Duvessa misses you. You block the jelly's attack.
Unknown command.
You barely miss the jelly.
The jelly is heavily wounded.
You constrict Duvessa.
Duvessa yells, "You can run, but you cannot escape us forever!"
Duvessa hits you with a +3 rapier of flaming!
* * * LOW HITPOINT WARNING * * *
Duvessa burns you!
* * * LOW HITPOINT WARNING * * *
The jelly closely misses you.
You puncture the jelly!
Your tentacles burn!
* * * LOW HITPOINT WARNING * * *
You squeeze the jelly.
You kill the jelly!
Vehumet accepts your kill.
You constrict Duvessa.
Duvessa hits you with a +3 rapier of flaming!
You die...

Skill      XL: |  1  2  3  4  5  6  7  8  9 |
---------------+----------------------------+-----
Fighting       | 4 5 6 7 |  7.0
Short Blades   | 3 4 |  4.0
Spellcasting   | 1 2 |  2.0
Conjurations   | 1 3 |  3.0
Ice Magic      | 1 3 6 7 |  7.0
Shields        | 4 5 |  5.0
Alchemy        | 2 |  2.2
Polearms       | |  2.0
Dodging        | |  3.0

Action                     |  1- 3 |  4- 6 |  7- 9 || total
---------------------------+-------+-------+-------++-------
  Melee: Trident           |    42 |       |       ||    42
         Constrict         |    12 |    11 |    35 ||    58
         Tentacles         |     8 |     8 |    56 ||    72
         Short sword       |    11 |    50 |   215 ||   276
         Punch             |       |       |     4 ||     4
   Cast: Hailstorm         |       |       |     3 ||     3
    Use: Potion            |       |       |     3 ||     3
         Scroll            |       |       |     4 ||     4
   Stab: Sleeping          |    12 |     9 |     9 ||    30
 Armour: Skin              |     9 |    14 |    89 ||   112
  Dodge: Dodged            |    30 |    25 |    98 ||   153
  Block: Buckler           |     8 |     9 |    26 ||    43

Levels and vault maps discovered:
D:1:      minmay_arrival_solitary_statue, layout_basic,
          shapermc_ecumenical_altar_mp_ritualfount, serial_shops, shop
D:2:      layout_basic, serial_shops, shop, shop_coins, uniq_natasha,
          uniq_sigmund
D:3:      layout_basic, minivault_4, uniq_crazy_yiuf_cottage
D:4:      layout_loops_ring, mainiacjoe_overflow_big_doors, enter_ossuary_4,
          nrook_campfire, dk_rats_in_the_wall
D:5:      layout_gridville
D:6:      layout_loops_ring, minmay_temple_entry_nine_rooms, uniq_duvessa

Notes
Turn   | Place    | Note
-------+----------+-------------------------------------------
     0 | D:1      | Binah the Octopode Fighter began the quest for the Orb.
     0 | D:1      | Reached XP level 1. HP: 16/16 MP: 1/1
    98 | D:1      | Found Cethydia's Magic Scroll Boutique.
   113 | D:1      | Reached XP level 2. HP: 21/21 MP: 2/2
   553 | D:1      | Reached skill level 4 in Fighting
   595 | D:1      | Found a faded altar of an unknown god.
   602 | D:1      | Prayed at the altar of an unknown god.
   602 | D:1      | Became a worshipper of Vehumet
   602 | D:1      | Reached * piety under Vehumet
   602 | D:1      | Offered knowledge of Shock by Vehumet.
   667 | D:2      | Reached XP level 3. HP: 27/27 MP: 3/3
  1028 | D:2      | Noticed Sigmund
  1037 | D:2      | Killed Sigmund
  1038 | D:2      | Reached skill level 5 in Fighting
  1038 | D:2      | Reached skill level 3 in Short Blades
  1038 | D:2      | Reached skill level 1 in Spellcasting
  1038 | D:2      | Reached XP level 4. HP: 22/35 MP: 3/5
  1038 | D:2      | Reached XP level 5. HP: 25/39 MP: 3/6
  1111 | D:2      | Found Pooxzillom's Antique Armour Boutique.
  1230 | D:2      | Found Omemoz's Antique Weapon Boutique.
  1272 | D:2      | Noticed Natasha
  1275 | D:2      | Killed Natasha
  1276 | D:2      | Reached XP level 6. HP: 45/45 MP: 6/8
  1525 | D:2      | Learned a level 3 spell: Hailstorm
  2073 | D:3      | Offered knowledge of Sting by Vehumet.
  2078 | D:3      | Reached ** piety under Vehumet
  2385 | D:3      | Found a runed translucent door.
  2386 | D:3      | Noticed Crazy Yiuf
  2881 | D:3      | Killed Crazy Yiuf
  2947 | D:4      | Noticed a black bear
  2953 | D:4      | Killed a black bear
  2954 | D:4      | Reached skill level 4 in Short Blades
  2954 | D:4      | Reached skill level 2 in Spellcasting
  2954 | D:4      | Reached skill level 1 in Conjurations
  2954 | D:4      | Reached skill level 1 in Ice Magic
  3038 | D:4      | Reached XP level 7. HP: 50/50 MP: 10/10
  3046 | D:4      | Reached skill level 2 in Conjurations
  3046 | D:4      | Reached skill level 2 in Ice Magic
  3158 | D:4      | Reached skill level 3 in Conjurations
  3158 | D:4      | Reached skill level 3 in Ice Magic
  3325 | D:4      | Found a sand-covered staircase.
  3336 | Ossuary  | Entered an ossuary
  3361 | Ossuary  | Reached skill level 6 in Fighting
  3367 | Ossuary  | Reached XP level 8. HP: 22/57 MP: 11/11
  3375 | Ossuary  | Reached skill level 4 in Ice Magic
  3676 | Ossuary  | Offered knowledge of Stone Arrow by Vehumet.
  3682 | Ossuary  | Reached skill level 5 in Ice Magic
  4188 | D:4      | Reached skill level 6 in Ice Magic
  4287 | D:4      | Found an iron altar of Okawaru.
  4298 | D:4      | Found a shadowy altar of Dithmenos.
  4303 | D:4      | Reached *** piety under Vehumet
  4510 | D:5      | Entered Level 5 of the Dungeon
  4607 | D:5      | Reached skill level 4 in Shields
  5036 | D:5      | Reached XP level 9. HP: 63/63 MP: 5/12
  5201 | D:5      | Reached skill level 7 in Fighting
  5201 | D:5      | Reached skill level 5 in Shields
  6056 | D:6      | Learned a level 5 spell: Irradiate
  6167 | D:6      | Reached skill level 7 in Ice Magic
  6167 | D:6      | Reached skill level 1 in Alchemy
  6298 | D:6      | Offered knowledge of Volatile Blastmotes by Vehumet.
  6300 | D:6      | Reached skill level 2 in Alchemy
  6402 | D:6      | Noticed Duvessa
  6403 | D:6      | Noticed Dowan
  6418 | D:6      | Slain by Duvessa

Vanquished Creatures
  Sigmund (D:2)
  An acid dragon (D:5)
  A water moccasin (D:5)
  A sky beast (D:6)
  A black bear (D:4)
  An ogre (D:5)
  3 phantoms
  2 elf zombies (Ossuary)
  3 scorpions
  5 killer bees (D:4)
  A bombardier beetle (D:4)
  6 human zombies (Ossuary)
  2 orc priests
  2 centaur zombies (Ossuary)
  A hound (D:6)
  2 jellies (D:6)
  A spectral scorpion (Ossuary)
  Crazy Yiuf (D:3)
  2 sleepcaps
  2 iguanas
  Natasha (D:2)
  3 mummies (Ossuary)
  3 gnolls (D:5)
  5 adders
  2 ufetubi (D:6)
  3 dart slugs
  A ribbon worm (D:3)
  12 orcs
  4 ball pythons
  3 endoplasms
  7 giant cockroaches
  4 goblins
  2 hobgoblins (D:1)
  5 jackals (D:2)
  5 quokkas
  7 bats
  3 frilled lizards
  A goblin zombie (D:4)
  5 kobolds
  3 rats
118 creatures vanquished.

Table legend: (Time is in decaauts)
 A = Elapsed time spent in this place.
 B = Non-inter-level travel time spent in this place.
 C = Inter-level travel time spent in this place.
 D = Time resting spent in this place.
 E = Time spent auto-exploring this place.
 F = Levels seen in this place.
 G = Mean time per level.
                   A        B        C        D        E       F      G
               +--------+--------+--------+--------+--------+-----+--------+
         Total |   6362 |   6192 |    170 |   1368 |   4019 |   7 |  908.9 |
       Dungeon |   5726 |   5556 |    170 |    901 |   3962 |   6 |  954.3 |
       Ossuary |    636 |    636 |      0 |    467 |     57 |   1 |  636.0 |
               +--------+--------+--------+--------+--------+-----+--------+

Top non-repeatable levels by time:
     D:5: 1403 daAuts
     D:2: 1231 daAuts
     D:3: 1062 daAuts
     D:4: 884 daAuts
     D:1: 652 daAuts
 Ossuary: 636 daAuts
     D:6: 491 daAuts

Table legend:
 A = Non-vault XP
 B = Vault XP
 C = Vault XP percentage of total XP
 D = Non-vault monster count
 E = Vault monster count
 F = Vault count percentage of total count
                 A         B        C        D         E       F
            +---------+---------+-------+---------+---------+-------
      Total |    2241 |     943 |  29.6 |     100 |      18 |  15.3
            +---------+---------+-------+---------+---------+-------
        D:1 |      30 |       0 |   0.0 |      18 |       0 |   0.0
        D:2 |      49 |     266 |  84.4 |      20 |       2 |   9.1
        D:3 |      60 |      40 |  40.0 |      15 |       1 |   6.2
        D:4 |     930 |       1 |   0.1 |      22 |       1 |   4.3
        D:5 |     687 |       0 |   0.0 |      11 |       0 |   0.0
        D:6 |     485 |       0 |   0.0 |      14 |       0 |   0.0
    Ossuary |       0 |     636 | 100.0 |       0 |      14 | 100.0
            +---------+---------+-------+---------+---------+-------
